 Dungeon Crawl Stone Soup version 0.30-a0-949-g53dc5368d7 (webtiles) character file.

Game seed: 10178458145919788057

161 BlueFish the Grasshopper (level 5, -1/52 HPs)
             Began as an Octopode Warper on Mar 28, 2023.
             Slain by a phantom (3 damage)
             ... on level 4 of the Dungeon.
             The game lasted 00:04:53 (2259 turns).

BlueFish the Grasshopper (Octopode Warper)          Turns: 2259, Time: 00:04:53

Health: -1/52      AC:  1    Str: 13    XL:     5   Next: 42%
Magic:  8/8        EV: 13    Int: 15    God:
Gold:   170        SH:  0    Dex: 11    Spells: 5/9 levels left

rFire   . . .      SeeInvis .    r - +0 whip (drain)
rCold   . . .      Faith    .    (no shield)
rNeg    . . .      Spirit   .    (helmet restricted)
rPois   .          Reflect  .    (no amulet)
rElec   .          Rampage  .    (no ring)
rCorr   .                        (no ring)
Will    .....                    (no ring) Stlth
                                 (no ring)
HPRegen 0.28/turn                (no ring)
MPRegen 0.11/turn                (no ring)
                                 (no ring)
                                 (no ring)

@: berserking, very quick
A: almost no armour, amphibious, 8 rings, camouflage 1, gelatinous body 1,
(nimble swimmer 1), tentacles
a: no special abilities


You were on level 4 of the Dungeon.
You visited 1 branch of the dungeon, and saw 6 of its levels.

You collected 170 gold pieces.

Inventory:

Hand Weapons
 r - a +0 whip of draining (weapon)
Missiles
 b - 7 boomerangs of dispersal (quivered)
 k - 26 stones
 s - 5 poisoned darts
Scrolls
 d - a scroll of amnesia {unknown}
 e - a scroll of brand weapon
 f - 2 scrolls of poison
 l - 2 scrolls of teleportation {unknown}
 n - a scroll of immolation {unknown}
 o - 2 scrolls of fear {unknown}
 p - a scroll of fog {unknown}
 q - a scroll of noise {unknown}
Potions
 c - a potion of cancellation {unknown}
 g - a potion of curing
 i - 2 potions of lignification
 m - a potion of brilliance {unknown}


   Skills:
 + Level 2.6 Fighting
 + Level 2.0 Throwing
 + Level 2.8 Dodging
 * Level 3.2 Stealth
 + Level 2.7 Unarmed Combat
 + Level 2.6 Spellcasting
 + Level 3.3 Translocations


You had 5 spell levels left.
You knew the following spells:

 Your Spells              Type           Power      Damage    Failure   Level
a - Blink                 Tloc           24%        N/A       8%          2
b - Lesser Beckoning      Tloc           24%        N/A       8%          2

Your spell library contained the following spells:

 Spells                   Type           Power      Damage    Failure   Level
 Teleport Other           Tloc           12%        N/A       16%         3
 Vhi's Electric Charge    Tloc/Air       12%        N/A       32%         3
 Manifold Assault         Tloc           12%        N/A       45%         4


Dungeon Overview and Level Annotations

Branches:
Dungeon (6/15)
 Temple: D:4-7

Altars:
Kikubaaqudgha

Shops:
D:5 *

Portals:
Sewer: D:3

Annotations:
D:5 Dowan, Duvessa


Innate Abilities, Weirdness & Mutations

You cannot wear most types of armour.
You are amphibious.
You can wear up to eight rings at the same time.
Your skin changes colour to match your surroundings (Stealth+).
Your rubbery body absorbs attacks. (AC +1, EV +1)
((You are camouflaged when in or above water. (Stealth+)))
You have tentacles for arms and can constrict up to eight enemies at once.


Message History

The ufetubus hits you.
The ball python bites you but does no damage.
The ball python constricts you. The orc misses you.
Okay, then.
A red film seems to cover your vision as you go berserk!
You feel yourself moving faster!
You feel mighty! The ufetubus closely misses you.
The ufetubus barely misses you. The ball python barely misses you.
The ball python constricts you. The ufetubus hits you.
The ufetubus closely misses you. The orc misses you.
You whack the orc!
You kill the orc!
The ball python closely misses you. The ball python constricts you.
The ufetubus barely misses you. The ufetubus hits you.
* * * LOW HITPOINT WARNING * * *
You hit the ufetubus. Your grab misses the ufetubus.
The ufetubus is heavily wounded.
The ufetubus hits you.
* * * LOW HITPOINT WARNING * * *
The ufetubus hits you.
* * * LOW HITPOINT WARNING * * *
The ball python bites you.
* * * LOW HITPOINT WARNING * * *
The ball python constricts you.
* * * LOW HITPOINT WARNING * * *
You whack the ufetubus!
You kill the ufetubus!
The ball python bites you.
* * * LOW HITPOINT WARNING * * *
The ball python constricts you.
* * * LOW HITPOINT WARNING * * *
Your Throwing skill increases to level 2!
You closely miss the ball python. You grab the ball python.
You constrict the ball python. The ball python closely misses you.
The ball python constricts you.
* * * LOW HITPOINT WARNING * * *
The phantom barely misses you.
You whack the ball python!
You kill the ball python!
The phantom hits you.
You die...

....... ....... .......
.)..... ..... ...
##########.## ##
#....@W.##..###..#
#....)†?###....#.#
(......................
..#.......#######.#####
. #)....... ...
#.......## ##..
##....... # #########


You could see a phantom.

Vanquished Creatures
  8 adders
  3 gnolls (D:2)
  An ufetubus (D:4)
  A worm (D:2)
  4 dart slugs
  An orc (D:4)
  4 endoplasms
  5 giant cockroaches
  3 goblins
  3 hobgoblins
  2 jackals (D:3)
  3 ball pythons
  3 bats (D:1)
  7 frilled lizards
  A kobold (D:3)
  6 rats
55 creatures vanquished.

Notes
Turn   | Place    | Note
-------+----------+-------------------------------------------
     0 | D:1      | BlueFish the Octopode Warper began the quest for the Orb.
     0 | D:1      | Reached XP level 1. HP: 14/14 MP: 3/3
    80 | D:1      | Reached skill level 1 in Stealth
    80 | D:1      | Reached XP level 2. HP: 19/19 MP: 5/5
    83 | D:1      | Learned a level 2 spell: Blink
    86 | D:1      | Learned a level 2 spell: Lesser Beckoning
   924 | D:2      | Reached XP level 3. HP: 24/24 MP: 6/6
  1180 | D:2      | Found an ancient bone altar of Kikubaaqudgha.
  1548 | D:2      | Reached XP level 4. HP: 24/30 MP: 7/7
  2175 | D:3      | Found a glowing drain.
  2199 | D:3      | Reached XP level 5. HP: 27/35 MP: 8/8
  2216 | D:3      | You fall into a shaft and drop 3 floors!
  2225 | D:5      | Entered Level 5 of the Dungeon
  2225 | D:5      | Noticed Duvessa
  2225 | D:5      | Noticed Dowan
  2225 | D:5      | Noticed an ogre
  2225 | D:5      | Found Wiloenu's General Store.
  2241 | D:4      | Noticed a phantom
  2252 | D:4      | HP: 1/35 [ball python (1)]
  2257 | D:4      | HP: 2/52 [constriction (1)]
  2259 | D:4      | Slain by a phantom

Illustrated notes

Levels and vault maps discovered:
D:1:      evilmike_arrival_hilbert_curve, layout_loops_cross
D:2:      layout_basic, basic_altar, serial_corexii_hall,
          chequers_hall_statues_corner_a, corexii_hall_statues_x
D:3:      layout_rooms, gup_sewer_entry_glass
D:4:      layout_basic, mainiacjoe_overflow_divided_tiny,
          lemuel_temple_firewalk_b
D:5:      layout_rooms, serial_shops, shop,
          nicolae_shop_temple_entry_statues_fountains, shop_statue, shop,
          uniq_prince_ribbit1, uniq_duvessa
D:6:      layout_loops_cross, dk_rats_in_the_wall

Skill      XL: |  1  2  3  4  5 |
---------------+----------------+-----
Stealth        | 1 2 3 |  3.2
Throwing       | 2 |  2.0
Fighting       | |  2.6
Dodging        | |  2.8
Unarmed Combat | |  2.7
Spellcasting   | |  2.6
Translocations | |  3.3

Action                     |  1- 3 |  4- 6 || total
---------------------------+-------+-------++-------
  Melee: Unarmed           |     6 |       ||     6
         Short sword       |     4 |       ||     4
         Constrict         |    18 |    16 ||    34
         Tentacles         |    13 |    18 ||    31
         Club              |    69 |       ||    69
         Whip              |       |    59 ||    59
         Punch             |       |     3 ||     3
    Use: Scroll            |       |     7 ||     7
         Potion            |       |     3 ||     3
   Stab: Sleeping          |     8 |     1 ||     9
 Armour: Skin              |     4 |     4 ||     8
  Dodge: Dodged            |    43 |    64 ||   107

Table legend: (Time is in decaauts)
 A = Elapsed time spent in this place.
 B = Non-inter-level travel time spent in this place.
 C = Inter-level travel time spent in this place.
 D = Time resting spent in this place.
 E = Time spent auto-exploring this place.
 F = Levels seen in this place.
 G = Mean time per level.
                   A        B        C        D        E       F      G
               +--------+--------+--------+--------+--------+-----+--------+
         Total |   2281 |   2217 |     64 |      7 |   1578 |   6 |  380.2 |
       Dungeon |   2281 |   2217 |     64 |      7 |   1578 |   6 |  380.2 |
               +--------+--------+--------+--------+--------+-----+--------+

Top non-repeatable levels by time:
     D:2: 1032 daAuts
     D:1: 926 daAuts
     D:3: 279 daAuts
     D:4: 18 daAuts
     D:5: 14 daAuts
     D:6: 8 daAuts
